 Dungeon Crawl Stone Soup version 0.32-a0-996-gb3226c233f (webtiles) character file.

Game seed: 8943210044990051677

638 HilariousDeathArtist the Firebug (level 7, -3/50 HPs)
             Began as a Mountain Dwarf Fire Elementalist on Apr 23, 2024.
             Was a Believer of Beogh.
             Slain by an ice beast (14 damage)
             ... on level 5 of the Dungeon.
             The game lasted 00:06:47 (4696 turns).

HilariousDeathArtist the Firebug (MDFE)             Turns: 4696, Time: 00:06:48

Health: -3/50      AC:  6    Str:  9 (10) XL:     7   Next: 25%
Magic:  14/14      EV: 10    Int: 21      God:    Beogh [**....]
Gold:   115        SH:  0    Dex:  7 (9)  Spells: 8/14 levels left

rFire   . . .        a - +3 dagger (venom)
rCold   . . .        (no shield)
rNeg    . . .        i - +0 robe
rPois   .            w - +2 helmet
rElec   .            j - scarf {+Inv}
rCorr   .            (no gloves)
SInv    .            c - +0 pair of boots
Will    .....        (no amulet)
Stlth   +            (no ring)
HPRegen 0.28/turn    (no ring)
MPRegen 0.14/turn

%: no passive effects
@: no status effects
A: runic magic, artefact enchanting, talons 1, clever 1, high MP 1
a: Renounce Religion, Evoke Invisibility, Smiting


You were on level 5 of the Dungeon.
You worshipped Beogh.
Beogh was pleased with you.
You visited 1 branch of the dungeon, and saw 5 of its levels.
You also visited: Sewer.

You collected 115 gold pieces.

Inventory:

Hand Weapons
 a - a +3 dagger of venom (weapon)
   (You found it on level 1 of the Dungeon)
 b - a +0 whip
   (You took it off a kobold on level 1 of the Dungeon)
 e - a +0 dagger of pain
   (You found it on level 5 of the Dungeon)
 g - a +0 flail
   (You took it off a hobgoblin on level 1 of the Dungeon)
Missiles
 f - 5 boomerangs
 h - 6 javelins
 o - a throwing net {!d}
 s - 26 stones
Armour
 c - a +0 pair of boots (worn)
   (You found it on level 3 of the Dungeon)
 i - a +0 robe (worn)
 j - a scarf of invisibility (worn)
   (You found it on level 4 of the Dungeon)
 u - +0 gold dragon scales
   (You found it on level 3 of the Dungeon)
 w - a +2 helmet (worn)
   (You found it on level 3 of the Dungeon)
Scrolls
 k - 2 scrolls of amnesia
 l - a scroll of poison {!r}
 m - a scroll of torment {!r}
 p - a scroll of revelation
 q - a scroll of enchant weapon
 K - 2 scrolls of immolation {!r}
 S - a scroll of summoning
 Y - 3 scrolls of teleportation {@r3}
Potions
 d - 2 potions of cancellation
 n - 4 potions of lignification {unknown}
 r - a potion of enlightenment {unknown}
 I - 3 potions of invisibility
 J - 4 potions of curing {@q1}
 M - 4 potions of magic
 N - 2 potions of heal wounds {@q2}
 U - a potion of mutation {!q}


   Skills:
 - Level 1.3 Dodging
 - Level 1.4 Stealth
 + Level 4.1 Spellcasting
 + Level 4.0 Conjurations
 + Level 6.5 Fire Magic


You had 8 spell levels left.
You knew the following spells:

 Your Spells              Type           Power      Damage    Failure   Level
a - Scorch                Fire           64%        2d7       1%          2
v - Flame Wave            Conj/Fire      26%        2d8       13%         4

Your spell library contained the following spells:

 Spells                   Type           Power      Damage    Failure   Level
 Foxfire                  Conj/Fire      100%       2x1d9     1%          1
 Inner Flame              Hex/Fire       18%        N/A       9%          3
 Volatile Blastmotes      Fire/Tloc      36%        2d13      9%          3
 Lesser Beckoning         Tloc           8%         N/A       19%         2
 Maxwell's Portable Pile  Tloc           4%         2d(5-14)  34%         3
 Teleport Other           Tloc           4%         N/A       34%         3


Dungeon Overview and Level Annotations

Branches:
Dungeon (5/15)              Sewer (visited)
 Temple: D:4-7

Altars:
Okawaru
Yredelemnul
Beogh


Innate Abilities, Weirdness & Mutations

Your facial features look somewhat orcish.
Your spellcasting is much less encumbered by armour.
You can use scrolls of enchantment on lesser artefacts.
You have sharp toenails.
Your mind is acute. (Int +4, Str/Dex -1)
You have an increased reservoir of magic. (+10% MP)


Message History

The ufetubus hits you but does no damage.
The ufetubus barely misses you.
An ufetubus is nearby!
You hit the ufetubus.
You kill the ufetubus!
Beogh accepts your kill.
Beogh seems mollified.
Your apostles return to your side.
Things that are here:
a scorpion corpse; an adder corpse; a hound corpse
r - a black potion Health restored: 50
Found a stone staircase leading up.
You now have 92 gold pieces (gained 14).
There is a stone staircase leading up here.
n - 4 blue potions (gained 1)
Y - 3 scrolls of teleportation {@r3} (gained 1)
You now have 99 gold pieces (gained 7).
A hound comes into view.
The hound barks!
The hound bites you.
You take 4 damage, and have 46/50 hp.
You closely miss the hound. The hound barely misses you. x2
You barely miss the hound. The hound misses you.
You miss the hound. The hound bites you but does no damage.
The hound bites you.
You take 2 damage, and have 44/50 hp.
You closely miss the hound. The hound completely misses you.
You barely miss the hound. The hound bites you.
The hound bites you but does no damage.
You take 1 damage, and have 43/50 hp.
You closely miss the hound. The hound bites you.
You take 3 damage, and have 40/50 hp.
You closely miss the hound. The hound misses you. The hound closely misses you.
You closely miss the hound. The hound closely misses you.
A hound is nearby!
A hound is nearby!
You miss the hound. The hound bites you. x2
You take 5 damage, and have 36/50 hp.
You hit the hound.
The hound is poisoned.
The hound bites you.
You take 2 damage, and have 34/50 hp.
You closely miss the hound. The hound barely misses you. x2
You closely miss the hound. The hound misses you.
You barely miss the hound. The hound bites you but does no damage.
The hound barely misses you.
You barely miss the hound. The hound bites you.
You take 2 damage, and have 32/50 hp.
You hit the hound.
The hound looks as sick as possible!
The hound closely misses you. The hound barely misses you.
You barely miss the hound. The hound bites you but does no damage.
You closely miss the hound.
You kill the hound!
Beogh accepts your kill.
Your Conjurations skill increases to level 4!
Found a stone staircase leading down.
You now have 115 gold pieces (gained 16).
I - 3 potions of invisibility (gained 1)
Found a stone staircase leading up.
Health restored: 50 An iguana comes into view.
An iguana is nearby!
An iguana is nearby!
The iguana hisses angrily.
You barely miss the iguana. The iguana misses you.
You hit the iguana.
The iguana is poisoned.
The iguana closely misses you.
You hit the iguana.
The iguana looks as sick as possible!
The iguana closely misses you.
You hit the iguana. The iguana bites you!
You take 8 damage, and have 42/50 hp.
You hit the iguana.
The iguana looks as sick as possible!
You kill the iguana!
Beogh accepts your kill.
No target in view!
No target in view!
No target in view!
An ice beast comes into view.
Health restored: 50 An ice beast is nearby!
An ice beast is nearby!
An ice beast is nearby!
You hit the ice beast.
The ice beast is poisoned.
The ice beast closely misses you.
You barely miss the ice beast. The ice beast hits you.
The ice beast freezes you!
You take 13 damage, and have 37/50 hp.
MASSIVE DAMAGE!!
You closely miss the ice beast. The ice beast hits you.
The ice beast freezes you!
You take 15 damage, and have 22/50 hp.
MASSIVE DAMAGE!!
You closely miss the ice beast. The ice beast hits you.
The ice beast freezes you.
* * * LOW HITPOINT WARNING * * *
You take 8 damage, and have 14/50 hp.
You hit the ice beast but do no damage. The ice beast barely misses you.
You hit the ice beast but do no damage.
The ice beast looks even sicker.
The ice beast hits you.
* * * LOW HITPOINT WARNING * * *
The ice beast freezes you!
You die...

#............# #
..#.#.#.#.##.# #
..........##.# #
....########.# #
##..# #.# # ##.#
#.# # #####.#
######.###
#.....###...##.##.
#@##...........##.
#Y###..#.#.##.#.#.
#.# ##.....#.###..
#.# #.#.#..#.#.##
#.# #.........##
#.# #.#######.#
#.# #.# #.# #.#
#.# #.#
#.#######.#


You could see an ice beast (very poisoned).

Vanquished Creatures
  An ice beast (D:4)
  2 bullfrogs (Sewer)
  A scorpion (D:5)
  3 hounds
  A bombardier beetle (D:5)
  An iguana (D:5)
  9 adders
  A gnoll (D:1)
  2 river rats (Sewer)
  A shadow imp (D:4)
  A white imp (D:4)
  2 ufetubi (D:5)
  4 dart slugs
  4 orcs
  13 ball pythons
  A bat (D:3)
  5 endoplasms
  6 giant cockroaches
  2 hobgoblins
  4 jackals (D:1)
  11 quokkas
  5 frilled lizards
  3 goblins
  3 kobolds
  15 rats
101 creatures vanquished.

Vanquished Creatures (others)
  An orc apostle (D:3)
  An orc (D:3)
  92 foxfires
94 creatures vanquished.

Grand Total: 195 creatures vanquished

Notes
Turn   | Place    | Note
-------+----------+-------------------------------------------
     0 | D:1      | HilariousDeathArtist the Mountain Dwarf Fire Elementalist
                  | began the quest for the Orb.
     0 | D:1      | Reached XP level 1. HP: 14/14 MP: 3/3
    45 | D:1      | Reached skill level 1 in Conjurations
   171 | D:1      | Reached skill level 2 in Spellcasting
   173 | D:1      | Reached XP level 2. HP: 14/20 MP: 1/5
   348 | D:1      | Reached skill level 4 in Fire Magic
   356 | D:1      | Learned a level 2 spell: Scorch
   611 | D:1      | Found a faded altar of an unknown god.
   622 | D:1      | Prayed at the altar of an unknown god.
   622 | D:1      | Became a worshipper of Beogh the Shepherd
   622 | D:1      | Reached * piety under Beogh
   748 | D:1      | Reached XP level 3. HP: 26/26 MP: 0/6
  1607 | D:2      | Reached skill level 2 in Conjurations
  1804 | D:3      | Found a glowing drain.
  1855 | D:3      | Reached XP level 4. HP: 33/33 MP: 7/7
  1888 | D:3      | HP: 6/33 [quokka (4)]
  1898 | D:3      | HP: 7/33 [giant cockroach (1)]
  1913 | Sewer    | Entered a sewer
  2026 | Sewer    | HP: 8/33 [ball python (2)]
  2164 | Sewer    | Reached ** piety under Beogh
  2434 | Sewer    | Reached XP level 5. HP: 36/38 MP: 9/9
  2440 | Sewer    | Learned a level 4 spell: Flame Wave
  2455 | Sewer    | Reached skill level 3 in Spellcasting
  2455 | Sewer    | Reached skill level 5 in Fire Magic
  2465 | Sewer    | Reached skill level 3 in Conjurations
  2465 | Sewer    | Reached XP level 6. HP: 33/45 MP: 2/11
  2807 | D:3      | Reached *** piety under Beogh
  2813 | D:3      | Noticed Ortolf
  2820 | D:3      | Found an iron altar of Okawaru.
  2826 | D:3      | Found a basalt altar of Yredelemnul.
  2828 | D:3      | Gained mutation: You have an increased reservoir of magic.
                  | (+10% MP) [potion of mutation]
  2828 | D:3      | Gained mutation: Your mind is acute. (Int +4, Str/Dex -1)
                  | [potion of mutation]
  2828 | D:3      | Gained mutation: You have sharp toenails. [potion of
                  | mutation]
  2851 | D:3      | Was placed under penance by Beogh
  2851 | D:3      | Killed Ortolf the orc apostle
  2851 | D:3      | Fled from a divine trial
  3349 | D:4      | Noticed an ice beast
  3363 | D:4      | Killed an ice beast
  3364 | D:4      | Reached skill level 6 in Fire Magic
  4062 | D:5      | Entered Level 5 of the Dungeon
  4166 | D:5      | Reached XP level 7. HP: 44/50 MP: 14/14
  4168 | D:5      | Reached skill level 4 in Spellcasting
  4180 | D:5      | Was forgiven by Beogh
  4437 | D:5      | Reached skill level 4 in Conjurations
  4696 | D:5      | HP: 11/50 [ice beast (3)]
  4696 | D:5      | Slain by an ice beast

Illustrated notes

Levels and vault maps discovered:
D:1:      matt_arrival_spirals, layout_basic, basic_ecumenical_altar
D:2:      layout_loops_ring
D:3:      layout_rooms, minitemple, gup_sewer_entry_pipe,
          uniq_crazy_yiuf_cottage
D:4:      minmay_general_purpose_star, layout_cave_pods, minmay_misc_feat_cross,
          hangedman_decor_peaks_small
D:5:      layout_loops_ring, serial_glass, glass_columns_a, glass_columns_c

Skill      XL: |  1  2  3  4  5  6  7 |
---------------+----------------------+-----
Conjurations   | 1 2 3 4 |  4.0
Spellcasting   | 2 3 4 |  4.1
Fire Magic     | 4 5 6 |  6.5
Dodging        | |  1.3
Stealth        | |  1.4

Action                     |  1- 3 |  4- 6 |  7- 9 || total
---------------------------+-------+-------+-------++-------
  Melee: Unarmed           |     8 |       |       ||     8
         Dagger            |    27 |   211 |    42 ||   280
         Whip              |     3 |       |       ||     3
         Flail             |     2 |       |       ||     2
   Cast: Foxfire           |    58 |       |       ||    58
         Scorch            |       |     9 |       ||     9
    Use: Scroll            |     6 |     5 |       ||    11
         Potion            |       |     8 |       ||     8
   Stab: Sleeping          |       |     5 |       ||     5
 Armour: Robe              |    21 |   183 |    38 ||   242
  Dodge: Dodged            |    24 |   110 |    42 ||   176

Table legend: (Time is in decaauts)
 A = Elapsed time spent in this place.
 B = Non-inter-level travel time spent in this place.
 C = Inter-level travel time spent in this place.
 D = Time resting spent in this place.
 E = Time spent auto-exploring this place.
 F = Levels seen in this place.
 G = Mean time per level.
                   A        B        C        D        E       F      G
               +--------+--------+--------+--------+--------+-----+--------+
         Total |   4748 |   4574 |    174 |      0 |   3722 |   6 |  791.3 |
       Dungeon |   4049 |   3875 |    174 |      0 |   3209 |   5 |  809.8 |
         Sewer |    698 |    698 |      0 |      0 |    513 |   1 |  698.0 |
               +--------+--------+--------+--------+--------+-----+--------+

Top non-repeatable levels by time:
     D:4: 1210 daAuts
     D:1: 901 daAuts
     D:2: 896 daAuts
   Sewer: 698 daAuts
     D:5: 633 daAuts
     D:3: 406 daAuts

Levels and vault maps discovered:
D:1:      matt_arrival_spirals, layout_basic, basic_ecumenical_altar
D:2:      layout_loops_ring
D:3:      layout_rooms, minitemple, gup_sewer_entry_pipe,
          uniq_crazy_yiuf_cottage
D:4:      minmay_general_purpose_star, layout_cave_pods, minmay_misc_feat_cross,
          hangedman_decor_peaks_small
D:5:      layout_loops_ring, serial_glass, glass_columns_a, glass_columns_c

Table legend: (Time is in decaauts)
 A = Elapsed time spent in this place.
 B = Non-inter-level travel time spent in this place.
 C = Inter-level travel time spent in this place.
 D = Time resting spent in this place.
 E = Time spent auto-exploring this place.
 F = Levels seen in this place.
 G = Mean time per level.
                   A        B        C        D        E       F      G
               +--------+--------+--------+--------+--------+-----+--------+
         Total |   4748 |   4574 |    174 |      0 |   3722 |   6 |  791.3 |
       Dungeon |   4049 |   3875 |    174 |      0 |   3209 |   5 |  809.8 |
         Sewer |    698 |    698 |      0 |      0 |    513 |   1 |  698.0 |
               +--------+--------+--------+--------+--------+-----+--------+

Top non-repeatable levels by time:
     D:4: 1210 daAuts
     D:1: 901 daAuts
     D:2: 896 daAuts
   Sewer: 698 daAuts
     D:5: 633 daAuts
     D:3: 406 daAuts

Table legend:
 A = Kills in this place as a percentage of kills in the entire game.
 B = Kills by you in this place as a percentage of kills by you in the entire game.
 C = Kills by friends in this place as a percentage of kills by friends in the entire game.
 D = Other kills in this place as a percentage of other kills in the entire game.
 E = Experience gained in this place as a percentage of experience gained in the entire game.
 F = Experience gained in this place divided by the number of levels of this place that you have seen.
                   A       B       C       D       E      F
               +-------+-------+-------+-------+-------+----------------------
         Total | 100.0 | 100.0 |   N/A |   N/A | 100.0 | 152.0
       Dungeon |  71.3 |  71.3 |   N/A |   N/A |  69.5 | 126.8
         Sewer |  28.7 |  28.7 |   N/A |   N/A |  30.5 | 278.0
               +-------+-------+-------+-------+-------+----------------------
